 Dungeon Crawl Stone Soup version 0.27.0-1-g7a089689b8 (webtiles) character file.

Game seed: 5305926557070694711

44 horus123 the Conjurer (level 3, 0/19 HPs)
             Began as a Deep Elf Conjurer on Aug 4, 2021.
             Slain by a quokka (5 damage)
             ... on level 2 of the Dungeon.
             The game lasted 00:02:23 (1137 turns).

horus123 the Conjurer (Deep Elf Conjurer)           Turns: 1137, Time: 00:02:23

Health: 0/19       AC:  2    Str:  4    XL:     3   Next: 41%
Magic:  1/10       EV: 12    Int: 23    God:
Gold:   48         SH:  0    Dex: 13    Spells: 6/9 levels left

rFire    . . .     SeeInvis .   (no weapon)
rCold    . . .     Faith    .   (no shield)
rNeg     . . .     Spirit   .   a - +0 robe
rPois    .         Reflect  .   (no helmet)
rElec    .         Harm     .   (no cloak)
rCorr    .         Rampage  .   (no gloves)
Will     .....                  (no boots)
Stlth    ++........             (no amulet)
HPRegen  0.06/turn              (no ring)
MPRegen  0.12/turn              (no ring)

@: no status effects
A: no striking features
a: no special abilities


You were on level 2 of the Dungeon.
You visited 1 branch of the dungeon, and saw 2 of its levels.

You collected 48 gold pieces.

Inventory:

Armour
 a - a +0 robe (worn)
Scrolls
 c - a scroll of fog {unknown}
 e - a scroll of holy word {unknown}
 f - a scroll of enchant weapon {unknown}
Potions
 b - a potion of invisibility {unknown}
 d - a potion of heal wounds {unknown}


   Skills:
 + Level 2.5 Dodging
 + Level 2.7 Stealth
 + Level 3.6 Spellcasting
 + Level 5.3 Conjurations


You had 6 spell levels left.
You knew the following spells:

 Your Spells              Type           Power      Damage    Failure   Level
a - Magic Dart            Conj           100%       1d8       1%          1
b - Searing Ray           Conj           56%        3d5       1%          2

Your spell library contained the following spells:

 Spells                   Type           Power      Damage    Failure   Level
 Dazzling Flash           Conj/Hex       32%        N/A       11%         3
 Fulminant Prism          Conj/Hex       8%         3d7       36%         4
 Iskenderun's Mystic Bla  Conj/Tloc      16%        2d5       36%         4


Dungeon Overview and Level Annotations

Branches:
Dungeon (2/15)

Altars:


Message History

The quokka misses you. The quokka misses you. The quokka bites you.
The quokka bites you.
Casting: Magic Dart (safe; 1% risk of failure)
Confirm with . or Enter, or press ? or * to list all spells.
Aiming: Searing Ray (safe; 1% risk of failure)
Press: ? - help, Shift-Dir - straight line, f - quokka, p - worm
Aim: a quokka (71% to hit)
The searing ray misses the quokka.
The searing ray hits the endoplasm!
You kill the endoplasm! (Press . to maintain the ray.)
The quokka closely misses you. The quokka barely misses you.
The quokka bites you.
The quokka twitches its whiskers.
The magic dart hits the quokka.
The quokka is lightly wounded.
The quokka bites you.
There is a stone staircase leading up here.
The quokka barely misses you. The quokka closely misses you.
The quokka bites you. The quokka misses you.
Casting: Magic Dart (safe; 1% risk of failure)
Confirm with . or Enter, or press ? or * to list all spells.
Aiming: Searing Ray (safe; 1% risk of failure)
Press: ? - help, Shift-Dir - straight line, f/p - quokka
Aim: a quokka (71% to hit)
The searing ray misses the quokka. (Press . to maintain the ray.)
The quokka bites you.
An endoplasm comes into view.
The quokka bites you but does no damage.
The quokka misses you.
An adder comes into view.
A bat comes into view.
The quokka bites you.
* * * LOW HITPOINT WARNING * * *
The quokka bites you.
You die...

#. ##.####### ##...##...##
... ##....).....## #....
#............###S...b
#######............#.......
.....##............#.......
.###.###..........##..|....
......###....#..@#.........
####.............r.........
###.##..#.#.##........#..
##.........#.#.......#.....
...#...............### ###^
..>.............w..# #
.....#..##.#..#....#.####
....<....................#
###....##............###..


You could see a worm and a quokka.

Vanquished Creatures
  Terence (D:2)
  2 ball pythons
  3 endoplasms
  2 giant cockroaches (D:1)
  2 goblins
  A hobgoblin (D:2)
  3 bats
  3 kobolds
  4 rats
21 creatures vanquished.

Notes
Turn   | Place    | Note
-------+----------+-------------------------------------------
     0 | D:1      | horus123 the Deep Elf Conjurer began the quest for the Orb.
     0 | D:1      | Reached XP level 1. HP: 10/10 MP: 6/6
   348 | D:1      | Reached XP level 2. HP: 15/15 MP: 5/8
   392 | D:1      | Found a faded altar of an unknown god.
   907 | D:1      | Learned a level 2 spell: Searing Ray
  1070 | D:2      | Noticed Terence
  1076 | D:2      | Killed Terence
  1077 | D:2      | Reached skill level 5 in Conjurations
  1077 | D:2      | Reached XP level 3. HP: 19/19 MP: 5/10
  1137 | D:2      | Slain by a quokka

Illustrated notes

Levels and vault maps discovered:
D:1:      minmay_arrival_plants_in_alcoves, layout_basic,
          hellmonk_ecumenical_altar_run_dry
D:2:      layout_rooms, due_unseen_surprise, uniq_terence

Skill      XL: |  1  2 |
---------------+-------+-----
Conjurations   | 5 |  5.3
Dodging        | |  2.5
Stealth        | |  2.7
Spellcasting   | |  3.6

Action                   || total
-------------------------++-------
 Cast: Magic Dart        ||    35
       Searing Ray       ||     4
Armor: Robe              ||     2
Dodge: Dodged            ||    13
